 Dungeon Crawl Stone Soup version 0.19-a0-475-gfca3800 (webtiles) character file.

3470 namelastname112 the Scholar of Death (level 10, -1/88 HPs)
             Began as a Tengu Necromancer on June 4, 2016.
             Was a Follower of Kikubaaqudgha.
             Slain by a killer bee (11 damage)
             ... on level 9 of the Dungeon.
             The game lasted 00:16:53 (8272 turns).

namelastname112 the Scholar of Death (TeNe)         Turns: 8272, Time: 00:16:54

Health: -1/88      AC: 25    Str: 11    XL:     10   Next: 6%
Magic:  18/18      EV:  2    Int: 19    God:    Kikubaaqudgha [*.....]
Gold:   410        SH:  0    Dex: 16    Spells: 6 memorised, 5 levels left

rFire  . . .     SeeInvis .     t - +5 quick blade
rCold  . . .     Gourm    .     (armour currently unavailable)
rNeg   + + +     Faith    .     (no shield)
rPois  +         Spirit   .     (helmet currently unavailable)
rElec  .         Dismiss  .     (cloak currently unavailable)
rCorr  .         Reflect  .     (gloves currently unavailable)
SustAt .         Harm     .     (boots unavailable)
MR     .....     NoTele   +     f - amulet of magic regeneration
Stlth  +.........               y - +4 ring of intelligence
                                a - ring of wizardry

@: confused, tree-form, not resistant to hostile enchantments, very unstealthy
A: (beak), (talons 0), able to fly 1
a: Fly, Receive Corpses, Renounce Religion


You were on level 9 of the Dungeon.
You worshipped Kikubaaqudgha.
Kikubaaqudgha was aware of your devotion.
You were very hungry.
You were a tree.
You visited 1 branch of the dungeon, and saw 9 of its levels.

You collected 480 gold pieces.
You spent 70 gold pieces at shops.

Inventory:

Hand Weapons
 k - a +0 dagger
 m - a +4 spear
 t - a +5 quick blade (weapon)
Armour
 l - a +0 buckler
 p - a +2 leather armour of cold resistance (melded)
Jewellery
 a - a ring of wizardry (left branch)
 f - an amulet of magic regeneration (around neck)
 u - an uncursed ring of see invisible
 w - an uncursed ring of protection from magic
 y - a +4 ring of intelligence (right branch)
Scrolls
 e - 2 scrolls of teleportation
 g - 3 scrolls of immolation
 h - 4 scrolls of enchant armour
 i - 2 scrolls of magic mapping
 D - 3 scrolls of remove curse
 H - a scroll of amnesia
Potions
 d - 2 potions of cure mutation
 j - a potion of lignification
 n - 2 potions of ambrosia
 x - 2 potions of brilliance {unknown}
 z - a potion of mutation {unknown}
 B - 2 potions of might
 F - a potion of haste {unknown}
Books
 b - a book of Necromancy

   Spells                             Type                      Level
   a - Pain                           Necromancy                   1
   b - Animate Skeleton               Necromancy                   1
   c - Vampiric Draining              Necromancy                   3
   d - Regeneration                   Charms/Necromancy            3
   e - Animate Dead                   Necromancy                   4
   f - Control Undead                 Necromancy                   4
 A - a Fen Folio

   Spells                             Type                      Level
   a - Corpse Rot                     Necromancy                   2
   b - Stone Arrow                    Conjuration/Earth            3
   c - Leda's Liquefaction            Hexes/Earth                  4
   d - Summon Forest                  Summoning/Translocation      5
   e - Hydra Form                     Transmutation                6
   f - Summon Hydra                   Summoning                    7
 C - Kikubaaqudgha's Papyrus of Sinister Rituals
   (Kikubaaqudgha gifted it to you on level 8 of the Dungeon)

   Spells                             Type                      Level
   a - Pain                           Necromancy                   1
   b - Corpse Rot                     Necromancy                   2
   c - Sublimation of Blood           Necromancy                   2
   d - Regeneration                   Charms/Necromancy            3
   e - Control Undead                 Necromancy                   4
 E - a book of the Warp

   Spells                             Type                      Level
   a - Recall                         Summoning/Translocation      3
   b - Gell's Gravitas                Hexes/Translocation          3
   c - Force Lance                    Conjuration/Translocation    4
   d - Warp Weapon                    Charms/Translocation         5
   e - Summon Forest                  Summoning/Translocation      5
Comestibles
 c - 5 bread rations
 o - 2 slices of pizza
 q - 3 beef jerkies
 r - 3 meat rations


   Skills:
 + Level 5.3 Fighting
 * Level 6.5 Short Blades
 + Level 3.1 Armour
 + Level 6.3 Dodging
 - Level 2.0 Stealth
 + Level 5.1 Spellcasting
 * Level 9.7 Necromancy


You had 5 spell levels left.
You knew the following spells:

 Your Spells              Type           Power        Failure   Level  Hunger
a - Animate Skeleton      Necr           N/A          1%          1    None
b - Animate Dead          Necr           N/A          1%          4    ####...
d - Regeneration          Chrm/Necr      ###.......   2%          3    ##.....
s - Vampiric Draining     Necr           #####.....   1%          3    ##.....
v - Sublimation of Blood  Necr           #####.....   1%          2    #......
z - Pain                  Necr           ####         1%          1    None


Dungeon Overview and Level Annotations

Branches:
Dungeon (9/15)             Temple (0/1) D:5            Lair (0/8) D:8
    Orc: D:9-12

Altars:
Cheibriados
Fedhas
Hepliaklqana
Kikubaaqudgha
Makhleb
Nemelex Xobeh
Okawaru
Pakellas
Qazlal
Ru
Trog
Uskayaw
Yredelemnul
Zin
The Shining One

Shops:
D:4 *   D:7 ?

Annotations:
D:5 Prince Ribbit


Innate Abilities, Weirdness & Mutations

((You have a beak for a mouth.))
((You have claws for feet.))
You can fly.


Message History

The hound bites you but does no damage.
You regained 2 hp, and now have 12/88 hp.
You regained 2 mp, and now have 11/18 mp.
You swing at nothing.
The killer bee stings you but does no damage. x2
The hound bites you but does no damage.
You regained 2 hp, and now have 14/88 hp.
You regained 3 mp, and now have 14/18 mp.
You miss the killer bee.
The killer bee is lightly wounded.
The killer bee stings you but does no damage. x3
You regained 2 hp, and now have 16/88 hp.
You regained 2 mp, and now have 16/18 mp.
You swing at nothing.
The hound bites you.
* * * LOW HITPOINT WARNING * * *
The killer bee stings you.
* * * LOW HITPOINT WARNING * * *
The killer bee stings you!
You die...
Kikubaaqudgha rasps: "You have failed me!
Welcome... death!"

............ ...........
........... .#####.###
.......K..# #.#..
..........# #.#..
......<.KK# #.'..
.......yKo# #.#..
.......HoS# #.#..
....#####y#############.#..
### #y♣h............#..
#...............#..
#####...........+..
#...........###
#..............
#..............
###############


You could see a hippogriff, a queen bee, a big kobold, a hound, 2 killer bees,
an orc priest, an adder, an orc and 3 kobolds.

Vanquished Creatures
  Eustachio (D:3)
  3 wargs (D:8)
  A hippogriff (D:8)
  Edmund (D:5)
  An ice beast (D:4)
  A phantom (D:6)
  2 centaurs
  5 ogres
  A scorpion (D:8)
  13 killer bees
  4 wights (D:8)
  3 crimson imps
  3 hounds
  3 jellies
  6 orc priests
  2 orc wizards
  A giant frog skeleton (D:8)
  3 iguanas
  6 worker ants
  Ijyb (D:2)
  A hound zombie (D:9)
  7 adders
  7 gnolls
  A howler monkey skeleton (D:7)
  2 shadow imps
  3 worms
  4 dart slugs
  4 giant geckos
  26 orcs
  3 ball pythons
  6 giant cockroaches
  10 goblins
  8 hobgoblins
  4 jackals (D:8)
  4 kobolds
  4 bats
  6 giant newts
  A jackal skeleton (D:7)
  3 quokka skeletons
  8 rats
173 creatures vanquished.

Vanquished Creatures (collateral kills)
  Grinder (D:5)
  An orc priest (D:8)
  An orc (D:4)
3 creatures vanquished.

Vanquished Creatures (others)
  A plant (D:5)
1 creature vanquished.

Grand Total: 177 creatures vanquished

Notes
Turn   | Place    | Note
--------------------------------------------------------------
     0 | D:1      | namelastname112 the Tengu Necromancer began the quest for the Orb.
     0 | D:1      | Reached XP level 1. HP: 10/10 MP: 4/4
    17 | D:1      | epen: moj za drakonoff?
    71 | D:1      | Learned a level 1 spell: Animate Skeleton
   105 | D:1      | namelastname112: ну у меня есть пара винов
   105 | D:1      | namelastname112: за дрне
   144 | D:1      | jacquesderrida: ebat!!!!!!!!!
   320 | D:1      | Reached XP level 2. HP: 11/15 MP: 1/6
   342 | D:1      | jacquesderrida: GRAVE ROBERT
   393 | D:1      | jacquesderrida: RAVE ROBERT
   438 | D:1      | epen: перчатки на +6 слэинг
   540 | D:1      | epen: или когти 2 лвл
   709 | D:1      | jacquesderrida: GDE
   780 | D:1      | epen: это выбор
   838 | D:1      | jacquesderrida: KOGTI VTOROI LEVAL ETO +4 URONA
   838 | D:1      | Reached XP level 3. HP: 17/20 MP: 4/7
   839 | D:1      | jacquesderrida: GAMNO!!!!!!!!!!!
   843 | D:1      | Learned a level 3 spell: Vampiric Draining
   911 | D:1      | Reached skill level 1 in Fighting
  1083 | D:2      | Reached skill level 5 in Necromancy
  1416 | D:2      | Reached XP level 4. HP: 14/25 MP: 2/8
  1623 | D:2      | Noticed Ijyb
  1641 | D:2      | Killed Ijyb
  1817 | D:2      | Found a stormy altar of Qazlal.
  1869 | D:2      | Gained mutation: You can fly. [Tengu growth]
  1869 | D:2      | Reached XP level 5. HP: 29/30 MP: 7/9
  1988 | D:2      | Found a burning altar of Makhleb.
  2554 | D:3      | Learned a level 3 spell: Regeneration
  3072 | D:3      | Found an iron altar of Okawaru.
  3116 | D:4      | Reached skill level 6 in Necromancy
  3218 | D:4      | Noticed Eustachio
  3429 | D:4      | Reached XP level 6. HP: 22/36 MP: 4/11
  3507 | D:3      | Killed Eustachio
  3620 | D:4      | Found Siashrof's Assorted Antiques.
  3626 | D:4      | Bought 2 blue potions for 45 gold pieces
  3626 | D:4      | Bought a scroll labeled COILLU QIKHUT for 25 gold pieces
  3705 | D:4      | Noticed an ice beast
  3717 | D:4      | Killed an ice beast
  3717 | D:4      | Reached XP level 7. HP: 9/41 MP: 5/12
  3967 | D:4      | HP: 2/41 [gnoll/spear (4)]
  4180 | D:4      | Reached skill level 7 in Necromancy
  4233 | D:4      | Found a bloodstained altar of Trog.
  4363 | D:4      | Got a polished scale mail
  4646 | D:4      | Identified the +2 scale mail "Zahio" {-Cast rCorr Str+4} (You found it on level 4 of the Dungeon)
  4688 | D:5      | Entered Level 5 of the Dungeon
  4730 | D:5      | Found an ancient bone altar of Kikubaaqudgha.
  4730 | D:5      | Found a blossoming altar of Fedhas.
  4736 | D:5      | Became a worshipper of Kikubaaqudgha
  4864 | D:5      | Noticed Prince Ribbit
  4979 | D:5      | Reached skill level 1 in Short Blades
  5165 | D:5      | Found a staircase to the Ecumenical Temple.
  5216 | D:5      | Noticed Edmund
  5217 | D:5      | Noticed Grinder
  5237 | D:5      | Killed Edmund
  5237 | D:5      | Reached XP level 8. HP: 38/48 MP: 1/14
  5254 | D:5      | Killed Grinder
  5401 | D:5      | Found a hazy altar of Hepliaklqana.
  5402 | D:5      | Found a hide-covered altar of Uskayaw.
  5564 | D:6      | Found a sacrificial altar of Ru.
  5635 | D:6      | Reached skill level 5 in Dodging
  5672 | D:6      | Reached skill level 8 in Necromancy
  5812 | D:6      | Found an oddly glowing altar of Pakellas.
  5859 | D:6      | Found a glowing golden altar of the Shining One.
  5876 | D:6      | Found a snail-covered altar of Cheibriados.
  6100 | D:6      | Learned a level 4 spell: Animate Dead
  6408 | D:6      | Found a glowing silver altar of Zin.
  6564 | D:7      | Found a sparkling altar of Nemelex Xobeh.
  6659 | D:7      | Found a basalt altar of Yredelemnul.
  6745 | D:7      | Found Tufyaze's Magic Scroll Boutique.
  6772 | D:7      | Reached XP level 9. HP: 51/52 MP: 16/16
  7063 | D:7      | Identified a scroll of acquirement
  7176 | D:8      | Reached * piety under Kikubaaqudgha
  7176 | D:8      | Received a gift from Kikubaaqudgha
  7194 | D:8      | Reached skill level 1 in Armour
  7212 | D:8      | Identified Kikubaaqudgha's Papyrus of Sinister Rituals (Kikubaaqudgha gifted it to you on level 8 of the Dungeon)
  7334 | D:8      | Reached skill level 5 in Short Blades
  7446 | D:8      | Reached skill level 9 in Necromancy
  7603 | D:8      | Found a staircase to the Lair.
  7904 | D:8      | Reached skill level 5 in Fighting
  8145 | D:8      | Learned a level 2 spell: Sublimation of Blood
  8198 | D:9      | Reached skill level 5 in Spellcasting
  8225 | D:9      | Reached XP level 10. HP: 12/59 MP: 2/18
  8272 | D:9      | Slain by a killer bee

Vault maps used:
D:1:      kilobyte_arrival_exit_the_forest
D:2:      grunt_qazlal_sundering, marbit_many_paths, first_bread, uniq_iyjb
D:3:      okawaru_altar_gauntlet_db
D:4:      bloody_trog, serial_shops, nicolae_shop_trees, uniq_eustachio
D:5:      grunt_temple_overflow_growth_and_decay,
          gammafunk_temple_overflow_statue, temple_pool_a, dk_noncrumbling_2,
          uniq_prince_ribbit1, uniq_edmund, uniq_grinder
D:6:      tso_metal_star, nicolae_ru_awakened_eye, kennysheep_slug_shrine,
          zin_treasury, grunt_pakellas_salt, hangedman_decor_opposing,
          st_stairs_8
D:7:      kennysheep_mini, kennysheep_little_box, serial_shops, shop
D:8:      erik_lair_orcish_takeover
D:9:      nicolae_ashenzari_panopticon, david_nohive_1

Skill      XL: |  1  2  3  4  5  6  7  8  9 |
---------------+----------------------------+-----
Fighting       | 1 2 3 4 5 |  5.3
Necromancy     | 5 6 7 8 9 |  9.7
Dodging        | 3 4 5 6 |  6.3
Spellcasting   | 3 4 5 |  5.1
Short Blades   | 2 4 6 |  6.5
Armour         | 3 |  3.1
Stealth        | |  2.0

Action                   |  1- 3 |  4- 6 |  7- 9 | 10-12 || total
-------------------------+-------+-------+-------+-------++-------
Melee: Dagger            |    13 |       |       |       ||    13
       Kick              |     4 |    13 |    70 |       ||    87
       Peck              |     2 |     9 |    49 |       ||    60
       Spear             |       |    70 |   134 |       ||   204
       Quick blade       |       |       |   171 |    34 ||   205
 Cast: Pain              |    52 |    64 |    69 |       ||   185
       Vampiric Draining |     3 |    14 |    44 |     5 ||    66
       Animate Skeleton  |     2 |    10 |     9 |       ||    21
       Regeneration      |       |     1 |     8 |       ||     9
       Animate Dead      |       |       |     6 |       ||     6
Evoke: Wand              |       |       |     9 |       ||     9
  Use: Scroll            |       |     8 |     9 |       ||    17
       Potion            |       |       |     1 |     5 ||     6
 Stab: Sleeping          |       |     3 |     3 |       ||     6
  Eat: Chunk             |     3 |     9 |     8 |       ||    20
       Meat ration       |       |       |     2 |       ||     2
       Fruit             |       |       |     1 |       ||     1
Armor: Robe              |     3 |     1 |       |       ||     4
       Leather armour    |       |    24 |    53 |     2 ||    79
       Skin              |       |       |       |    96 ||    96
Dodge: Dodged            |    14 |    64 |   179 |     6 ||   263
